 Dungeon Crawl Stone Soup version 0.29.1-1-gd02db6906a (webtiles) character file.

Game seed: 15846722073043536417

25579 Icepheonix32 the Marksspriggan (level 12, -5/54 HPs)
             Began as a Spriggan Hunter on Sept 18, 2022.
             Was an Elder of Hepliaklqana.
             Slain by a reaper
             ... wielding a +0 scythe of freezing
              (38 damage)
             ... in an ice cave.
             The game lasted 00:38:27 (17418 turns).

Icepheonix32 the Marksspriggan (Spriggan Hunter)   Turns: 17418, Time: 00:38:27

Health: -5/54      AC:  6    Str: 19    XL:     12   Next: 90%
Magic:  5/20       EV: 27    Int: 16    God:    Hepliaklqana [****..]
Gold:   837        SH:  0    Dex: 24    Spells: 4/20 levels left

rFire   x . .      SeeInvis +   a - +1 shortbow (freeze)
rCold   + . .      Faith    .   (shield currently unavailable)
rNeg    . . .      Spirit   .   u - +4 robe of Augmentation {Str+4 Int+4 Dex+4}
rPois   .          Reflect  .   (helmet restricted)
rElec   .          Harm     .   (no cloak)
rCorr   .          Rampage  .   (gloves unavailable)
Will    ++...                   (boots unavailable)
Stlth   +++.......              H - amulet of the acrobat
HPRegen 0.18/turn               C - +6 ring of strength
MPRegen 0.17/turn               O - ring of ice

@: portalling projectiles, studying Shields, very quick
A: reduced essence, very small, no large weapons, unfitting armour, see
invisible, speed 3
a: Renounce Religion, Recall Ancestor, Ancestor Identity, Transference, Idealise


You were in an ice cave.
You worshipped Hepliaklqana.
Hepliaklqana was greatly pleased with you.
You visited 3 branches of the dungeon, and saw 14 of its levels.
You also visited: Ice Cave.

You collected 837 gold pieces.

Inventory:

Hand Weapons
 a - a +1 shortbow of freezing (weapon)
 l - a +2 dagger of venom
 t - a +1 vampiric dagger
 B - the +9 war axe of the Spheres {holy, Fragile rElec Str+6}
   (You found it on level 6 of the Dungeon)

   It has been blessed by the Shining One to cause great damage to the undead
   and demons.
   Str:       It affects your strength (+6).
   rElec:     It insulates you from electricity.
   Fragile:   It will be destroyed if unequipped.
 F - the +4 dagger of Breach {vorpal, Str+2}
   (You took it off an orc on level 7 of the Dungeon)

   It inflicts extra damage upon your enemies.
   Str:       It affects your strength (+2).
Missiles
 h - 2 curare-tipped darts
Armour
 u - the +4 robe of Augmentation (worn) {Str+4 Int+4 Dex+4}
   (You found it on level 4 of the Dungeon)

   Str:       It affects your strength (+4).
   Int:       It affects your intelligence (+4).
   Dex:       It affects your dexterity (+4).
Jewellery
 f - a ring of fire
 o - a +6 ring of intelligence
 y - the amulet of Lucidity {Will+ Regen+}
   (You found it on level 5 of the Dungeon)

   [amulet of regeneration]

   Regen:     It increases your rate of health regeneration.
   Will:      It increases your willpower.
 C - a +6 ring of strength (left hand)
 H - an amulet of the acrobat (around neck)
 O - a ring of ice (right hand)
 P - an amulet of guardian spirit
 Q - a ring of wizardry
Wands
 v - a wand of iceblast (21)
 A - a wand of paralysis (33)
 E - a wand of light (11)
 J - a wand of mindburst (7)
 N - a wand of flame (7)
 R - a wand of polymorph (3)
Scrolls
 b - 3 scrolls of immolation
 c - 4 scrolls of butterflies
 i - a scroll of fear
 k - 6 scrolls of teleportation
 r - a scroll of enchant armour
 s - a scroll of silence
 z - 2 scrolls of vulnerability
 D - 2 scrolls of magic mapping
 L - a scroll of poison
Potions
 d - a potion of cancellation
 e - 2 potions of attraction
 g - a potion of might {unknown}
 m - 3 potions of heal wounds
 n - 8 potions of curing
 p - 2 potions of resistance
 q - a potion of haste
 w - a potion of invisibility
 G - 2 potions of magic
 I - 2 potions of mutation
 K - a potion of lignification {unknown}
Miscellaneous
 M - a tin of tremorstones (1/2)


   Skills:
 + Level 5.7 Fighting
 * Level 16.5 Ranged Weapons
 * Level 9.8 Dodging
 + Level 3.1 Stealth
 + Level 4.8 Spellcasting
 * Level 7.4 Hexes
 + Level 7.6 Translocations
 * Level 4.5 Invocations
 * Level 4.5 Evocations


You had 4 spell levels left.
You knew the following spells:

 Your Spells              Type           Power      Damage    Failure   Level
a - Portal Projectile     Hex/Tloc       56%        N/A       1%          3
b - Leda's Liquefaction   Hex/Erth       7%         N/A       32%         4
c - Call Canine Familiar  Summ           4%         N/A       41%         3
d - Gell's Gravitas       Tloc           28%        N/A       1%          3
e - Teleport Other        Tloc           28%        N/A       1%          3

Your spell library contained the following spells:

 Spells                   Type           Power      Damage    Failure   Level
 Apportation              Tloc           56%        N/A       1%          1
 Lesser Beckoning         Tloc           28%        N/A       1%          3
 Dazzling Flash           Conj/Hex       30%        N/A       10%         3
 Inner Flame              Hex/Fire       15%        N/A       10%         3
 Foxfire                  Conj/Fire      12%        2x1d4     16%         1
 Sandblast                Erth           8%         2d5       16%         1
 Passwall                 Tmut/Erth      2%         N/A       24%         2
 Conjure Flame            Conj/Fire      3%         6-21      43%         3
 Stone Arrow              Conj/Erth      6%         3d7       43%         3
 Animate Dead             Necr           3%         N/A       83%         4
 Flame Wave               Conj/Fire      3%         2d5       83%         4
 Hailstorm                Conj/Ice       5%         3d4       83%         4
 Ice Form                 Ice/Tmut       5%         N/A       83%         4
 Silence                  Hex/Air        7%         N/A       67%         5
 Agony                    Necr           3%         N/A       99%         5
 Alistair's Intoxication  Tmut/Pois      2%         N/A       99%         5
 Simulacrum               Ice/Necr       2%         N/A       100%        6
 Haunt                    Necr/Summ      1%         N/A       100%        7
 Infestation              Necr           1%         N/A       100%        8


Dungeon Overview and Level Annotations

Branches:
Dungeon (11/15)            Temple (1/1) D:4            Lair (2/5) D:10
  Swamp (0/4) Lair:2        Snake (0/4) Lair:2        IceCv (1/1)
    Orc: D:9-12

Altars:
Ashenzari
Cheibriados
Dithmenos
Elyvilon
Fedhas
Gozag
Hepliaklqana
Kikubaaqudgha
Makhleb
Nemelex Xobeh
Okawaru
Qazlal
Ru
Sif Muna
Trog
Uskayaw
Vehumet
Wu Jian
Xom
Yredelemnul
Zin
The Shining One

Annotations:
D:5 1 runed translucent door, groovy9's ghost, novice FoHu
D:7 exclusion: oklob plant, Joseph


Innate Abilities, Weirdness & Mutations

Your life essence is reduced to manifest your ancestor. (-10% HP)
You are very small and have problems with some larger weapons.
You are too small for most types of armour.
You have supernaturally acute eyesight. (SInv)
You cover ground extremely quickly. (Speed+++)


Message History

The reaper barely misses Zorana.
You magically shoot an arrow.
The arrow hits the reaper.
The reaper is heavily wounded.
Zorana hits the reaper but does no damage.
The reaper hits Zorana with a +0 scythe of freezing!!
The reaper freezes Zorana.
You magically shoot an arrow.
The arrow hits the reaper but does no damage.
The reaper is heavily wounded.
You are no longer teleporting projectiles to their destination.
Zorana hits the reaper with a +0 flail!
You shoot an arrow. Zorana avoids your attack.
The arrow hits the reaper.
The reaper is heavily wounded.
The reaper hits Zorana with a +0 scythe of freezing!!
The reaper freezes Zorana.
Zorana is destroyed!
You shoot an arrow. The arrow barely misses the reaper.
You shoot an arrow. The arrow hits the reaper.
The reaper is heavily wounded.
You shoot an arrow. The arrow hits the reaper.
The reaper is severely wounded.
The reaper barely misses you.
Casting: Portal Projectile (safe; 1% risk of failure)
Confirm with . or Enter, or press ? or * to list all spells.
You begin teleporting projectiles to their destination.
The reaper smiles without lips.
The reaper hits you from afar with a +0 scythe of freezing!!
The reaper freezes you.
You magically shoot an arrow.
The arrow hits the reaper but does no damage.
The reaper is severely wounded.
The reaper whispers, "Time's up, Icepheonix32!"
The reaper misses you.
Unknown command.
You magically shoot an arrow.
The arrow hits the reaper but does no damage.
The reaper is severely wounded.
The reaper hits you from afar with a +0 scythe of freezing!!!
Ouch! That really hurt!
You die...

###....###
##........###
##..R.###....##
#...###.###...###
#..R##....####..##
######..##.....##R..#
#.#.....R.....[###..#
.........##..)##...##
...##.#########.@.##
.###≈≈≈# ###...##
###≈≈≈######..2###
###.........##
###...........###
##§§§.##........§# #
..○§§##..####.☼§§§§##
#○☼......#..§§§§§#
###○.....##..§☼☼§§


You could see a reaper.

Vanquished Creatures
  A hydra (Lair:1)
  4 two-headed ogres
  An oklob plant (Lair:1)
  A cyclops (D:7)
  2 ice statues (IceCv)
  A black mamba (Lair:1)
  2 cane toads (Lair:1)
  3 unseen horrors
  A komodo dragon (D:11)
  2 kobold demonologists
  A shadow (D:10)
  19 yaks
  3 wraiths (D:10)
  3 wyverns
  Menkaure (D:6)
  A warg (D:7)
  2 vampire mosquitoes (D:10)
  A harpy simulacrum (IceCv)
  2 nagas (Lair:2)
  A nameless horror (D:7)
  5 water moccasins
  4 orc warriors
  An ice beast (D:6)
  A sky beast (D:4)
  A black bear (D:7)
  7 ogres
  A wolf (D:10)
  5 centaurs
  A phantom (D:7)
  4 kobold brigands
  5 bullfrogs
  A necrophage (D:4)
  2 scorpions
  3 wights (D:8)
  2 elephant simulacra (IceCv)
  6 killer bees
  4 electric eels
  9 howler monkeys
  6 lava snakes (D:9)
  8 orc priests
  16 hounds
  3 iguanas
  9 orc wizards
  Terence (D:3)
  2 spriggan simulacra (IceCv)
  A troll simulacrum (IceCv)
  16 gnolls
  7 adders
  A naga simulacrum (IceCv)
  3 white imps
  4 ufetubi
  A worm (D:4)
  A dart slug (D:2)
  48 orcs
  4 ball pythons
  3 endoplasms
  A giant cockroach (D:4)
  10 goblins
  13 hobgoblins
  3 jackals (D:4)
  41 kobolds
  4 quokkas
  7 bats
  3 frilled lizards (D:1)
  2 rats
332 creatures vanquished.

Vanquished Creatures (collateral kills)
  3 boulder beetles
  2 two-headed ogres (D:10)
  An ugly thing (IceCv)
  A torpor snail (Lair:1)
  4 ice devils (IceCv)
  A troll (D:10)
  Prince Ribbit (D:8)
  A shadow (D:10)
  2 wyverns
  A death yak simulacrum (IceCv)
  5 yaks
  A naga (Lair:2)
  An acid dragon (D:11)
  A hydra simulacrum (IceCv)
  4 water moccasins
  2 orc warriors
  An ice beast (D:7)
  An ogre (D:7)
  A wolf (D:10)
  4 kobold brigands
  A gnoll sergeant (D:7)
  A two-headed ogre simulacrum (IceCv)
  3 killer bees
  2 howler monkeys (D:7)
  A lava snake (D:9)
  A hound (D:10)
  An orc priest (D:7)
  2 gnoll boudas (D:7)
  5 orc wizards
  2 spriggan simulacra (IceCv)
  A polar bear simulacrum (IceCv)
  2 gnolls (D:7)
  An adder (D:6)
  3 orcs (D:7)
  A kobold (D:8)
65 creatures vanquished.

Vanquished Creatures (others)
  11 knights
  4 ancestors
  2 fungi (Lair:1)
  7 plants
  2 withered plants (D:5)
26 creatures vanquished.

Grand Total: 423 creatures vanquished

Notes
Turn   | Place    | Note
-------+----------+-------------------------------------------
     0 | D:1      | Icepheonix32 the Spriggan Hunter began the quest for the
                  | Orb.
     0 | D:1      | Reached XP level 1. HP: 10/10 MP: 2/2
   196 | D:1      | Reached XP level 2. HP: 14/14 MP: 3/3
   632 | D:2      | You fall into a shaft and drop 1 floor!
   866 | D:2      | Reached XP level 3. HP: 13/18 MP: 4/4
  1047 | D:2      | Found a faded altar of an unknown god.
  1382 | D:2      | Reached skill level 5 in Ranged Weapons
  1986 | D:3      | Noticed Terence
  1995 | D:3      | Killed Terence
  1996 | D:3      | Reached skill level 1 in Spellcasting
  1996 | D:3      | Reached XP level 4. HP: 15/22 MP: 6/6
  2117 | D:3      | Found a stormy altar of Qazlal.
  2287 | D:4      | Found the +4 robe of Augmentation {Str+4 Int+4 Dex+4}
  2847 | D:4      | Reached XP level 5. HP: 26/26 MP: 7/7
  2887 | D:4      | Noticed a sky beast
  2914 | D:4      | Killed a sky beast
  2915 | D:4      | Reached skill level 6 in Ranged Weapons
  2922 | D:4      | Reached XP level 6. HP: 30/30 MP: 7/9
  3149 | D:4      | Reached skill level 7 in Ranged Weapons
  3938 | D:4      | Reached XP level 7. HP: 35/35 MP: 11/11
  3955 | D:4      | Found a staircase to the Ecumenical Temple.
  3964 | Temple   | Entered the Ecumenical Temple
  4228 | Temple   | Became a worshipper of Hepliaklqana the Forgotten
  4504 | D:5      | Entered Level 5 of the Dungeon
  4511 | D:5      | Identified the amulet of Lucidity {Will+ Regen+}
  4607 | D:5      | Reached skill level 8 in Ranged Weapons
  4805 | D:5      | Reached XP level 8. HP: 39/39 MP: 13/13
  4845 | D:5      | Reached skill level 9 in Ranged Weapons
  4862 | D:5      | Found a runed translucent door.
  4862 | D:5      | Noticed groovy9's ghost (novice FoHu)
  5544 | D:6      | Learned a level 3 spell: Portal Projectile
  5549 | D:6      | Learned a level 4 spell: Leda's Liquefaction
  5553 | D:6      | Learned a level 3 spell: Call Canine Familiar
  5568 | D:6      | Reached * piety under Hepliaklqana
  5660 | D:6      | Noticed Menkaure
  5662 | D:6      | Killed Menkaure
  5663 | D:6      | Reached skill level 5 in Dodging
  5663 | D:6      | Reached skill level 1 in Translocations
  5684 | D:6      | Identified the +9 war axe of the Spheres {holy, Fragile
                  | rElec Str+6}
  5776 | D:6      | Reached skill level 10 in Ranged Weapons
  5776 | D:6      | Reached skill level 1 in Hexes
  6091 | D:6      | Reached XP level 9. HP: 17/39 MP: 6/15
  6192 | D:6      | Found the +7 staff of the Meek {protect, meekguard}
  6612 | D:7      | Reached skill level 11 in Ranged Weapons
  6793 | D:7      | Found an ornate altar of the Wu Jian Council.
  7150 | D:7      | Reached skill level 12 in Ranged Weapons
  7183 | D:7      | Reached ** piety under Hepliaklqana
  7187 | D:7      | Remembered your ancestor Zorana as a knight
  7306 | D:7      | Learned a level 3 spell: Gell's Gravitas
  7451 | D:7      | Noticed a cyclops
  7459 | D:7      | Killed a cyclops
  7460 | D:7      | Reached XP level 10. HP: 44/44 MP: 11/16
  7489 | D:7      | Reached skill level 5 in Translocations
  7502 | D:7      | Noticed Joseph
  7982 | D:7      | Found a blossoming altar of Fedhas.
  8007 | D:7      | Noticed an oklob plant
  8159 | D:7      | Identified the +4 dagger of Breach {vorpal, Str+2}
  8653 | D:7      | Reached skill level 13 in Ranged Weapons
  8888 | D:8      | Found a broken altar of Ashenzari.
  9024 | D:8      | Found a glowing silver altar of Zin.
  9024 | D:8      | Found a shadowy altar of Dithmenos.
  9080 | D:8      | Noticed Prince Ribbit
  9096 | D:8      | Killed Prince Ribbit
 10143 | D:8      | Learned a level 3 spell: Teleport Other
 10208 | D:9      | Noticed a two-headed ogre
 10213 | D:9      | Noticed a two-headed ogre
 10246 | D:8      | Killed a two-headed ogre
 10357 | D:8      | Killed a two-headed ogre
 10358 | D:8      | Reached skill level 14 in Ranged Weapons
 10560 | D:9      | Reached XP level 11. HP: 47/47 MP: 1/17
 10715 | D:9      | Reached *** piety under Hepliaklqana
 10762 | D:9      | Reached skill level 5 in Hexes
 10958 | D:10     | Entered Level 10 of the Dungeon
 11182 | D:10     | Noticed a two-headed ogre
 11198 | D:10     | Killed a two-headed ogre
 11270 | D:10     | Found an iron altar of Okawaru.
 11436 | D:10     | Noticed a boulder beetle
 11711 | D:10     | Killed a boulder beetle
 11746 | D:10     | Found a shimmering blue altar of Sif Muna.
 11947 | D:11     | Reached skill level 1 in Invocations
 11984 | D:11     | Reached skill level 15 in Ranged Weapons
 12113 | D:11     | Reached skill level 1 in Evocations
 12197 | D:10     | Noticed a boulder beetle
 12220 | D:10     | HP: 2/48 [boulder beetle (23)]
 12739 | D:10     | Found a staircase to the Lair.
 12879 | D:10     | Noticed a two-headed ogre
 12892 | D:10     | Killed a two-headed ogre
 12915 | D:10     | Noticed a two-headed ogre
 12938 | D:10     | Killed a two-headed ogre
 13119 | D:10     | HP: 2/48 [boulder beetle (27)]
 13125 | D:10     | Killed a boulder beetle
 13126 | D:10     | Reached XP level 12. HP: 2/52 MP: 19/19
 13463 | D:10     | Noticed a two-headed ogre
 13483 | D:10     | Killed a two-headed ogre
 13740 | D:10     | Reached skill level 5 in Fighting
 13963 | Lair:1   | Entered Level 1 of the Lair of Beasts
 13978 | Lair:1   | Noticed an eight-headed hydra
 13986 | Lair:1   | Killed an eight-headed hydra
 14178 | Lair:1   | Noticed a boulder beetle
 14210 | Lair:1   | Killed a boulder beetle
 14211 | Lair:1   | Reached skill level 16 in Ranged Weapons
 15184 | Lair:1   | Reached **** piety under Hepliaklqana
 15586 | Lair:2   | Found a staircase to the Snake Pit.
 15686 | Lair:2   | Found a frozen archway.
 15714 | IceCv    | Entered an ice cave
 16394 | IceCv    | HP: 2/54 [ice statue] (7)]
 17176 | IceCv    | Noticed a reaper
 17418 | IceCv    | Slain by a reaper

Illustrated notes

Levels and vault maps discovered:
D:1:      zaba_arrival_water, layout_loops_ring, serial_bayou_pond_d,
          minmay_misc_feat_alley, minmay_tripent
D:2:      layout_loops_ring, hellmonk_ecumenical_altar_run_dry
D:3:      layout_basic, nicolae_qazlal_eye_of_the_storm, kennysheep_boxes,
          uniq_terence
D:4:      corexii_shantytown, layout_basic, lemuel_temple_firewalk_a,
          hangedman_decor_peaks_small
D:5:      layout_loops_ring, gammafunk_ghost_grave
D:6:      layout_basic, pf_guarded_unrand_meek, uniq_menkaure
D:7:      lemuel_castle_with_subvaults [lemuel_castle_interior_carwin_1],
          layout_basic, overflow_temple_1_default, tgw_fedhas, uniq_joseph
D:8:      layout_basic, nicolae_ashenzari_skybound,
          nicolae_overflow_two_pavilions, uniq_prince_ribbit1
D:9:      layout_big_octagon, minmay_variable_closet
D:10:     minmay_razor_zed, layout_gridville, okawaru_gym_becter,
          marbit_many_paths, erik_lair_island, serial_glass, glass_columns_c,
          glass_columns_a
D:11:     layout_roguey
Temple:   eino_temple_water
Lair:1:   layout_roguey, lemuel_fruit_tree, grunt_megastairs_2
Lair:2:   layout_cave_shapes, minmay_swamp_entry_worms,
          minmay_snake_entry_guardpost_small, portal_ice_cave_entry_pillars_1,
          infiniplex_staircase_pool_2
IceCv:    ice_cave_small_demon

Skill      XL: |  1  2  3  4  5  6  7  8  9 10 11 12 |
---------------+-------------------------------------+-----
Dodging        | 3 4 5 6 7 8 9 |  9.8
Ranged Weapons | 5 6 7 8 10 12 14 15 16 | 16.5
Spellcasting   | 1 2 3 4 |  4.8
Fighting       | 2 3 4 5 |  5.7
Translocations | 2 4 6 7 |  7.6
Hexes          | 2 3 4 6 7 |  7.4
Stealth        | 2 3 |  3.1
Invocations    | 2 4 |  4.5
Evocations     | 3 4 |  4.5

Action                   |  1- 3 |  4- 6 |  7- 9 | 10-12 || total
-------------------------+-------+-------+-------+-------++-------
 Fire: Shortbow          |    86 |   170 |   473 |  1079 ||  1808
 Cast: Portal Projectile |       |       |     9 |    29 ||    38
       Leda's Liquefacti |       |       |     1 |     3 ||     4
       Gell's Gravitas   |       |       |       |     3 ||     3
       Teleport Other    |       |       |       |     2 ||     2
       Call Canine Famil |       |       |       |     1 ||     1
Invok: Recall Ancestor   |       |       |     3 |    12 ||    15
       Ancestor Life: Kn |       |       |     1 |       ||     1
       Transference      |       |       |       |     2 ||     2
       Idealise          |       |       |       |     1 ||     1
Evoke: Wand              |       |       |       |     1 ||     1
       Tin of tremorston |       |       |       |     1 ||     1
  Use: Scroll            |     2 |       |     5 |    19 ||    26
       Potion            |       |       |       |     3 ||     3
Armor: Robe              |     1 |    10 |    17 |    20 ||    48
Dodge: Dodged            |    21 |    58 |   153 |   250 ||   482
